 Dungeon Crawl Stone Soup version 0.23-a0-261-g133332c (console) character file.

107 bli the Insei (level 4, -6/28 HPs)
             Began as an Octopode Transmuter on Sept 29, 2018.
             Killed by divine providence
             ... invoked by an orc priest
              (13 damage)
             ... on level 3 of the Dungeon.
             The game lasted 00:08:12 (2485 turns).

bli the Insei (Octopode Transmuter)                 Turns: 2485, Time: 00:08:13

Health: -6/28      AC:  1    Str: 10    XL:     4   Next: 86%
Magic:  6/7        EV: 14    Int: 15    God:
Gold:   78         SH:  0    Dex: 12    Spells: 6/7 levels left

rFire    . . .     SeeInvis .   a - +2 dagger (venom)
rCold    . . .     Gourm    .   (no shield)
rNeg     + . .     Faith    .   (helmet restricted)
rPois    .         Spirit   .   (no amulet)
rElec    .         Reflect  .   q - ring of positive energy
rCorr    .         Harm     .   (no ring)
MR       .....                  (no ring)
Stlth    +++.......             (no ring)
HPRegen  0.09/turn              (no ring)
MPRegen  0.10/turn              (no ring)
                                (no ring)
                                (no ring)

@: appendage (expiring), very slightly contaminated
A: almost no armour, stealthy swim, amphibious, 8 rings, constrict 8, tentacle
spike 3, camouflage 1, gelatinous body 1
a: End Transformation


You were on level 3 of the Dungeon.
You were not hungry.
One of your tentacles had a temporary spike.
You visited 1 branch of the dungeon, and saw 3 of its levels.

You collected 78 gold pieces.

Inventory:

Hand Weapons
 a - a +2 dagger of venom (weapon)
 p - a +0 long sword
 s - a +0 rapier
Missiles
 i - 29 poisoned needles
 k - a throwing net (quivered)
 n - 116 arrows
Jewellery
 q - a ring of positive energy (left tentacle)
Scrolls
 e - a scroll of remove curse {unknown}
 g - 2 scrolls of teleportation {unknown}
 j - 3 scrolls of fog {unknown}
 m - a scroll of amnesia {unknown}
 o - a scroll of identify {unknown}
 r - a scroll of fear {unknown}
 t - a scroll of magic mapping {unknown}
Potions
 b - a potion of lignification {unknown}
 d - 3 potions of invisibility {unknown}
 h - a potion of heal wounds {unknown}
 l - a potion of might {unknown}
Comestibles
 c - 2 rations
 f - 2 chunks of flesh


   Skills:
 + Level 1.1 Fighting
 * Level 2.9 Dodging
 + Level 2.6 Stealth
 + Level 4.3 Unarmed Combat
 - Level 2.0 Spellcasting
 - Level 2.0 Transmutations


You had 6 spell levels left.
You knew the following spells:

 Your Spells              Type           Power        Failure   Level  Hunger
a - Beastly Appendage     Tmut           #.....       10%         1    #......

Your spell library contained the following spells:

 Spells                   Type           Power        Failure   Level  Hunger
 Sticks to Snakes         Tmut           #.......     14%         2    ###....
 Spider Form              Tmut/Pois      #.........   41%         3    ###....
 Ice Form                 Ice/Tmut       #.......     82%         4    #####..
 Blade Hands              Tmut           #.........   95%         5    ######.


Dungeon Overview and Level Annotations

Branches:
Dungeon (3/15)

Altars:


Innate Abilities, Weirdness & Mutations

You cannot wear most types of armour.
You are very stealthy in the water. (Stealth+)
You are amphibious.
You can wear up to eight rings at the same time.
You can use your tentacles to constrict eight enemies at once.
Your skin changes colour to match your surroundings (Stealth+).
Your rubbery body absorbs attacks. (AC +1, EV +1)
One of your tentacles bears a large vicious spike.


Message History

You grab the orc priest.
You pierce the orc priest.
Your squeeze misses the orc The orc priest is lightly wounded.
Your transformation is almost over.
You constrict the orc priest. The orc priest hits you.
The orc priest calls down the wrath of Beogh upon you.
Beogh smites you!
* * * LOW HITPOINT WARNING * * *
You hit the orc priest but do no damage.
The orc priest is poisoned.
The orc priest is moderately wounded.
You constrict the orc priest. The orc priest hits you.
* * * LOW HITPOINT WARNING * * *
You hit the orc priest but do no damage.
The orc priest looks even sicker.
You pierce the orc priest, but do no damage.
The orc priest is moderately wounded.
You constrict the orc priest, but do no damage.
The orc priest calls down the wrath of Beogh upon you.
Beogh smites you!
You die...

###.........
#.........
##.....###
#....(###
#........
########
#......##
#......# ######.#
#.####.########.#
#.#.............#
#.#.##.##########
#@#.#....#
#o#.#..#.####
#o#.###.....#
#o#......##.#
#o#####.## .. ...
..# # #.. ... ###
#####


You could see 2 orc priests and 2 orcs.

Vanquished Creatures
  4 adders
  2 dart slugs (D:1)
  A leopard gecko (D:3)
  An orc (D:3)
  7 bats
  8 goblins
  7 hobgoblins
  6 jackals (D:2)
  13 kobolds
  A quokka (D:3)
  A ball python (D:2)
  5 frilled lizards
  6 rats
62 creatures vanquished.

Notes
Turn   | Place    | Note
-------+----------+-------------------------------------------
     0 | D:1      | bli the Octopode Transmuter began the quest for the Orb.
     0 | D:1      | Reached XP level 1. HP: 13/13 MP: 3/3
   190 | D:1      | Reached XP level 2. HP: 13/18 MP: 5/5
   844 | D:1      | Reached XP level 3. HP: 23/23 MP: 6/6
   875 | D:1      | Reached skill level 1 in Stealth
  1369 | D:2      | Reached skill level 4 in Unarmed Combat
  1547 | D:2      | Reached XP level 4. HP: 28/28 MP: 5/7
  1910 | D:2      | You fall through a shaft!
  2485 | D:3      | Killed from afar by an orc priest

Vault maps used:
D:1:      elethiomel_arrival_maze, st_stairs_9
D:3:      st_stairs_7, grunt_ministairs_5

Skill      XL: |  1  2  3  4 |
---------------+-------------+-----
Stealth        | 1 2 |  2.6
Unarmed Combat | 4 |  4.3
Fighting       | |  1.1
Dodging        | |  2.9
Spellcasting   | |  2.0
Transmutations | |  2.0

Action                   |  1- 3 |  4- 6 || total
-------------------------+-------+-------++-------
Melee: Unarmed           |    77 |    25 ||   102
       Constrict         |    18 |    11 ||    29
       Kick              |     6 |     7 ||    13
       Tentacles         |    10 |     7 ||    17
       Punch             |     2 |       ||     2
       Dagger            |       |    28 ||    28
 Cast: Beastly Appendage |    14 |     7 ||    21
 Stab: Sleeping          |     5 |     8 ||    13
  Eat: Chunk             |     2 |     3 ||     5
Armor: Skin              |     6 |     2 ||     8
Dodge: Dodged            |    46 |    26 ||    72

Table legend:
 A = Non-vault XP
 B = Vault XP
 C = Vault XP percentage of total XP
 D = Non-vault monster count
 E = Vault monster count
 F = Vault count percentage of total count
                 A         B        C        D         E       F
            +---------+---------+-------+---------+---------+-------
      Total |     149 |       5 |   3.2 |      59 |       3 |   4.8
            +---------+---------+-------+---------+---------+-------
        D:1 |      36 |       3 |   7.7 |      20 |       2 |   9.1
        D:2 |      57 |       0 |   0.0 |      21 |       0 |   0.0
        D:3 |      56 |       2 |   3.4 |      18 |       1 |   5.3
            +---------+---------+-------+---------+---------+-------
